Map: New Repugnancy LE

Players

Harstem - Winner!

  • Race: Protoss Protoss
  • League: Grandmaster
  • Spawn Location: 1:00

Lambo

  • Race: Zerg Zerg
  • League: Master
  • Spawn Location: 7:00

Event: QLASH StarCraft II Invitational 2 Offline Finals

VOD

Have the link to the VOD?

Description

Time

  • Played on: July 27, 2019, 1:08 p.m.
  • Length: 6:28

All games in this series

Show
View Real Time Build Order
Export as new Build Order

Harstem Protoss - Winner!

Build Orders: 1 Gate Expand 

Get SALT Encoding   

  12  0:00  Probe  
  13  0:13  Probe  
  14  0:18  Pylon  
  14  0:25  Probe  
  15  0:33  Probe  
  15  0:41  Gateway, Probe  
  17  0:51  Probe, Assimilator  
  18  1:03  Probe  
  19  1:15  Probe  
  20  1:26  Nexus  
  20  1:36  Cybernetics Core  
  20  1:39  Probe  
  21  1:44  Assimilator  
  21  1:51  Probe  
  22  1:54  Pylon  
  22  2:02  Adept  
  22  2:03  Probe  
  23  2:15  Probe  
  26  2:16  Robotics Facility  
  26  2:22  Adept  
  26  2:24  Warp Gate  
  26  2:27  Probe  
  29  2:39  Probe x2  
  31  2:51  Probe x2  
  31  2:53  Sentry  
  31  2:54  Warp Prism  
  35  3:03  Probe  
  38  3:06  Probe  
  38  3:10  Pylon  
  39  3:15  Probe  
  39  3:19  Immortal, Probe  
  41  3:20  Gateway  
  41  3:33  Probe  
  46  3:34  Probe  
  46  3:41  Pylon  
  47  3:45  Sentry  
  47  3:46  Probe  
  51  3:49  Gateway  
  51  3:50  Immortal  
  50  3:59  Probe  
  50  4:00  Probe  
  56  4:06  Pylon  
  56  4:18  Probe x2  
  56  4:20  Assimilator  
  56  4:23  Immortal  
  58  4:30  Probe  
  64  4:33  Gateway x2  
  64  4:34  Sentry  
  65  4:39  Gateway  
  65  4:41  Gateway  
  65  4:46  Pylon  
  65  4:53  Zealot, Sentry  
  65  4:55  Pylon  
  69  5:06  Zealot, Observer  
  71  5:10  Pylon  
  72  5:16  Zealot x2  
  76  5:24  Pylon  
  76  5:27  Assimilator  
  76  5:30  Sentry  
  76  5:31  Zealot, Sentry  
  76  5:34  Zealot, Pylon  
  84  5:38  Zealot x2, Sentry  
  84  5:42  Pylon  
  90  5:55  Zealot x3, Sentry  
  98  6:03  Zealot x2, Sentry  
  104  6:05  Probe  
  104  6:09  Probe  
Show
View Real Time Build Order
Export as new Build Order

Lambo Zerg 

Build Orders: Hatch First 

Get SALT Encoding   

  12  0:00  Drone  
  13  0:12  Overlord  
  13  0:17  Drone  
  14  0:30  Drone x2  
  16  0:49  Drone x2  
  18  0:56  Drone  
  19  0:59  Hatchery  
  19  1:03  Extractor  
  17  1:12  Spawning Pool  
  17  1:15  Drone  
  17  1:21  Drone  
  18  1:27  Drone  
  19  1:39  Drone  
  20  1:53  Overlord  
  20  1:59  Queen  
  22  2:11  Queen  
  22  2:12  Drone, Zergling x4, Metabolic Boost  
  27  2:22  Drone  
  28  2:23  Drone  
  29  2:33  Drone  
  30  2:42  Hatchery, Drone  
  30  2:50  Pneumatized Carapace  
  30  2:56  Zergling x2  
  31  2:59  Zergling x2  
  31  3:05  Zergling x2  
  33  3:08  Drone x2  
  35  3:16  Drone  
  35  3:19  Overlord  
  35  3:27  Overlord  
  35  3:37  Queen  
  35  3:38  Drone x5  
  43  3:48  Drone  
  43  3:50  Drone  
  43  3:54  Drone  
  45  4:00  Drone, Roach Warren  
  45  4:01  Drone  
  46  4:06  Drone x2  
  46  4:07  Drone x2  
  49  4:13  Drone  
  48  4:17  Drone x2  
  49  4:25  Extractor  
  49  4:26  Drone x3  
  49  4:31  Overlord  
  51  4:33  Extractor  
  51  4:35  Drone x2  
  52  4:40  Drone  
  52  4:41  Overlord  
  52  4:43  Drone x2  
  55  4:52  Roach x2  
  59  4:55  Drone, Overlord  
  59  4:58  Roach  
  62  5:03  Overlord  
  62  5:06  Overlord  
  60  5:07  Drone x7  
  60  5:14  Roach  
  69  5:19  Roach x2  
  69  5:21  Overlord  
  73  5:24  Ravager x3, Extractor  
  73  5:26  Roach x3  
  81  5:30  Roach x2  
  81  5:31  Roach x2  
  81  5:32  Overlord  
  81  5:33  Roach  
  91  5:37  Roach x2  
  91  5:42  Roach x2  
  99  5:49  Ravager  
  97  5:51  Roach, Overlord  
  97  5:54  Overlord  
  99  6:00  Roach x3  
  99  6:01  Overlord  
  99  6:03  Overlord  
  99  6:04  Roach  
  103  6:07  Roach, Zergling x6  
  103  6:10  Zergling x6  
Tags
 
Add a new tag
Caveats
  • Supply blocks, unpowered buildings, or Contaminate may cause inaccurate times.
  • Supply counts are checked every 10 seconds.